 Dungeon Crawl Stone Soup version 0.31-a0-640-g39d97e502b (webtiles) character file.

Game seed: 8388419608277635823

197 mopl the Ruffian (level 5, -7/34 HPs)
             Began as an Octopode Shapeshifter on Aug 28, 2023.
             Splashed by a jelly's acid (8 damage)
             ... on level 4 of the Dungeon.
             The game lasted 00:02:12 (2497 turns).

mopl the Ruffian (Octopode Shapeshifter)            Turns: 2497, Time: 00:02:14

Health: -7/34      AC: -3    Str: 14    XL:     5   Next: 75%
Magic:  5/5        EV: 13    Int: 12    God:
Gold:   233        SH:  0    Dex: 13    Spells: 4/4 levels left

rFire   . .          .
                       - Unarmed
rCold   . . .        (no shield)
rNeg    . . .        (helmet currently unavailable)
rPois   .            (no amulet)
rElec   .            (no ring)
rCorr   .            (no ring)
SInv    .            (no ring)
Will    .....        (no ring)
Stlth   ++           (no ring)
HPRegen 0.25/turn    (no ring)
MPRegen 0.09/turn    (no ring)
                     (no ring)

%: no passive effects
@: beast-form, corroded
A: beast (slay +2), almost no armour, amphibious, 8 rings, camouflage 1,
gelatinous body 1, (nimble swimmer 1), tentacles
a: Begin Untransformation


You were on level 4 of the Dungeon.
You were a hulking beast.
You visited 1 branch of the dungeon, and saw 4 of its levels.

You collected 233 gold pieces.

Inventory:

Missiles
 h - 3 boomerangs (quivered)
 q - 4 poisoned darts
Talismans
 b - a beast talisman (active)
 c - a flux talisman
Wands
 m - a wand of roots (13)
Scrolls
 d - a scroll of immolation {unknown}
 e - 3 scrolls of enchant weapon {unknown}
 f - a scroll of amnesia {unknown}
 j - a scroll of noise {unknown}
 k - a scroll of identify {unknown}
 l - 2 scrolls of fog {unknown}
 n - a scroll of revelation {unknown}
 o - 2 scrolls of fear {unknown}
Potions
 a - a potion of lignification {!q}
 g - 2 potions of heal wounds {unknown}
 i - a potion of haste {unknown}
 p - a potion of resistance {unknown}
 r - a potion of invisibility {unknown}
 s - a potion of berserk rage {unknown}
 t - a potion of attraction {unknown}


   Skills:
 + Level 2.1 Fighting
 + Level 2.9 Dodging
 * Level 4.3 Unarmed Combat
 * Level 4.1 Shapeshifting


You had 4 spell levels left.
You didn't know any spells.
Your spell library contained the following spells:

 Spells                   Type           Power      Damage    Failure   Level
 Tukima's Dance           Hex            0%         N/A       69%         3
 Volatile Blastmotes      Fire/Tloc      0%         2d10      69%         3
 Fulminant Prism          Conj/Hex       0%         3d5       97%         4
 Iskenderun's Mystic Bla  Conj/Tloc      0%         2d3       97%         4
 Passage of Golubria      Tloc           0%         N/A       97%         4
 Yara's Violent Unravell  Hex/Tmut       0%         3d3       100%        5


Dungeon Overview and Level Annotations

Branches:
Dungeon (4/15)
 Temple: D:4-7

Altars:
Cheibriados

Annotations:
D:3 2 transporters + rF, NigelTetley's ghost, amateur DgGl


Innate Abilities, Weirdness & Mutations

You are a hulking beast.
Your limbs bulge with bestial killing power. (Slay +2)
You cannot wear most types of armour.
You are amphibious.
You can wear up to eight rings at the same time.
Your skin changes colour to match your surroundings (Stealth+).
Your rubbery body absorbs attacks. (AC +1, EV +1)
((You are camouflaged when in or above water. (Stealth+)))
You have tentacles for arms and can constrict up to eight enemies at once.


Message History

You kill the hound!
No target in view!
No target in view!
No target in view!
No target in view!
No target in view!
No target in view!
No target in view!
No target in view!
No target in view!
No target in view!
There is a stone staircase leading down here.
r - a cyan potion You see here a +0 whip.
s - a brown potion
Found a stone staircase leading down.
t - a fuming yellow potion No target in view!
No target in view!
A jelly comes into view.
A jelly is nearby!
The helpless jelly fails to defend itself.
You tentacle-slap the jelly. The acid corrodes you!
Your tentacles burn!
The jelly is moderately wounded.
The jelly hits you.
You are splashed with acid!
You tentacle-slap the jelly.
Your tentacles burn!
The jelly is severely wounded.
The jelly hits you.
You are splashed with acid!
* * * LOW HITPOINT WARNING * * *
You are too injured to fight recklessly!
You are too injured to fight recklessly!
Okay, then.
You tentacle-slap the jelly.
Your tentacles burn!
* * * LOW HITPOINT WARNING * * *
You squeeze the jelly.
The jelly is almost dead.
The jelly hits you.
* * * LOW HITPOINT WARNING * * *
You are splashed with acid!
You die...

.........).# #..
#..#######.. ##.. ##..#
##. #... ##...### ##
##... #......## # ##....
##.......######
##.....###..##..........
......J#>..###..##......
#..h..## #..####....
##....# #..# ##....
##..#####..##......
#.................
#......)..........
...#######.....### .....
##.#### ###.. ##.># ##.#
###...##


You could see a jelly.

Vanquished Creatures
  A scorpion (D:4)
  A hound (D:4)
  An iguana (D:4)
  3 adders
  A worm (D:4)
  2 dart slugs
  10 ball pythons
  4 bats
  4 endoplasms
  2 giant cockroaches
  4 goblins
  7 hobgoblins
  6 kobolds
  3 quokkas
  3 rats
52 creatures vanquished.

Notes
Turn   | Place    | Note
-------+----------+-------------------------------------------
     0 | D:1      | mopl the Octopode Shapeshifter began the quest for the Orb.
     0 | D:1      | Reached XP level 1. HP: 13/13 MP: 1/1
   190 | D:1      | Reached XP level 2. HP: 18/18 MP: 2/2
   910 | D:2      | Reached XP level 3. HP: 23/23 MP: 3/3
  1676 | D:3      | Found a snail-covered altar of Cheibriados.
  1718 | D:3      | Reached XP level 4. HP: 27/28 MP: 4/4
  1894 | D:3      | Found a transporter.
  2056 | D:3      | Noticed NigelTetley's ghost (amateur DgGl)
  2131 | D:3      | Found a transporter.
  2251 | D:4      | Reached skill level 4 in Unarmed Combat
  2325 | D:4      | Noticed a scorpion
  2327 | D:4      | Killed a scorpion
  2328 | D:4      | Reached skill level 2 in Fighting
  2328 | D:4      | Reached skill level 4 in Shapeshifting
  2328 | D:4      | Reached XP level 5. HP: 34/34 MP: 5/5
  2497 | D:4      | HP: 1/34 [jelly (2)]
  2497 | D:4      | Splashed by a jelly's acid

Illustrated notes

Levels and vault maps discovered:
D:1:      spicycebolla_arrival_risky_transporter, layout_basic
D:2:      layout_basic
D:3:      layout_basic, mainiacjoe_overflow_alcove_1, gammafunk_ghost_arena,
          mrwooster_statue_mirror, lemuel_flame_loot_1
D:4:      kennysheep_kobold_camp, layout_layer_cave,
          mainiacjoe_overflow_six_doors_small, lemuel_crystal_altar,
          mainiacjoe_overflow_alcove_4, minivault_27

Skill      XL: |  1  2  3  4 |
---------------+-------------+-----
Unarmed Combat | 4 |  4.3
Fighting       | 2 |  2.1
Shapeshifting  | 4 |  4.1
Dodging        | |  2.9

Action                     |  1- 3 |  4- 6 || total
---------------------------+-------+-------++-------
  Melee: Unarmed           |    46 |    43 ||    89
         Constrict         |    12 |    12 ||    24
         Tentacles         |     8 |    12 ||    20
         Punch             |     1 |     4 ||     5
   Stab: Sleeping          |    10 |     4 ||    14
 Armour: Skin              |     7 |     3 ||    10
  Dodge: Dodged            |    20 |    25 ||    45

Table legend: (Time is in decaauts)
 A = Elapsed time spent in this place.
 B = Non-inter-level travel time spent in this place.
 C = Inter-level travel time spent in this place.
 D = Time resting spent in this place.
 E = Time spent auto-exploring this place.
 F = Levels seen in this place.
 G = Mean time per level.
                   A        B        C        D        E       F      G
               +--------+--------+--------+--------+--------+-----+--------+
         Total |   2489 |   2398 |     91 |    142 |   1929 |   4 |  622.2 |
       Dungeon |   2489 |   2398 |     91 |    142 |   1929 |   4 |  622.2 |
               +--------+--------+--------+--------+--------+-----+--------+

Top non-repeatable levels by time:
     D:2: 879 daAuts
     D:1: 754 daAuts
     D:3: 577 daAuts
     D:4: 278 daAuts
